Map: Frozen Temple

Players

SortOf

  • Race: Zerg Zerg
  • League: Master

Nerchio - Winner!

  • Race: Zerg Zerg
  • League: Master

Event: DreamHack ZOWIE Open Valencia 2016

VOD

Have the link to the VOD?

Description

Time

  • Played on: July 16, 2016, 10:10 a.m.
  • Length: 9:27

All games in this series

Show
View Real Time Build Order
Export as new Build Order

SortOf Zerg 

Build Orders: Hatch First 

Get SALT Encoding   

  12  0:00  Drone  
  13  0:12  Overlord  
  13  0:17  Drone  
  14  0:31  Drone x2  
  14  0:35  Drone  
  17  0:52  Hatchery  
  17  0:55  Drone  
  17  1:02  Drone  
  18  1:10  Spawning Pool  
  17  1:14  Drone  
  17  1:17  Drone  
  19  1:19  Extractor  
  18  1:28  Drone  
  19  1:40  Overlord  
  19  1:50  Drone  
  20  1:57  Queen  
  22  2:01  Zergling x2  
  22  2:03  Queen  
  22  2:04  Drone  
  26  2:11  Drone  
  27  2:17  Drone  
  27  2:18  Metabolic Boost  
  28  2:23  Drone  
  28  2:28  Drone  
  30  2:33  Drone  
  31  2:38  Hatchery  
  30  2:44  Baneling Nest, Drone  
  30  2:48  Zergling x2  
  31  2:51  Zergling x2  
  31  2:56  Overlord  
  32  2:59  Drone  
  32  3:05  Drone  
  33  3:12  Zergling x6  
  36  3:15  Overlord  
  36  3:17  Zergling x4  
  36  3:19  Zergling x2  
  39  3:22  Drone  
  40  3:28  Baneling x4  
  40  3:30  Drone  
  42  3:34  Drone  
  42  3:37  Baneling  
  42  3:38  Baneling  
  42  3:41  Zergling x6  
  45  3:45  Drone  
  45  3:48  Drone x2  
  47  3:57  Drone x2  
  47  4:03  Drone x2  
  47  4:04  Drone  
  47  4:12  Zergling x2  
  47  4:13  Zergling x2  
  47  4:14  Zergling x4, Queen  
  51  4:20  Roach Warren  
  51  4:21  Zergling x2  
  51  4:22  Zergling x2  
  51  4:23  Zergling x2  
  53  4:26  Zergling x2  
  53  4:33  Zergling x6  
  53  4:36  Zergling x4  
  56  4:55  Zergling x10  
  56  4:57  Zergling x2  
  56  4:59  Zergling x4  
  57  5:01  Lair  
  57  5:02  Drone x2  
  57  5:04  Evolution Chamber  
  57  5:06  Zergling x2  
  56  5:09  Drone  
  56  5:10  Baneling x2  
  56  5:11  Drone  
  57  5:22  Zergling x2  
  57  5:23  Zergling x2  
  57  5:26  Zergling x2  
  57  5:35  Zergling x2  
  54  5:36  Zergling x2  
  54  5:41  Zergling x6  
  54  5:45  Zerg Missile Weapons Level 1, Drone  
  54  5:47  Zergling x8  
  54  5:48  Zergling x2  
  54  5:49  Zergling x6  
  55  5:52  Zergling x2  
  47  5:58  Zergling x4  
  47  6:01  Zergling x2  
  45  6:04  Glial Reconstitution  
  45  6:07  Roach  
  45  6:09  Roach  
  45  6:10  Baneling  
  48  6:12  Zergling x2  
  49  6:18  Zergling x6  
  49  6:22  Zergling x4  
  49  6:27  Zergling x2  
  44  6:33  Zergling x6  
  47  6:44  Extractor  
  47  6:45  Roach x2  
  50  6:48  Roach  
  50  6:53  Baneling  
  51  7:04  Overlord  
  51  7:09  Overlord  
  50  7:26  Roach x5  
  54  7:33  Roach  
  57  7:37  Roach  
  57  7:39  Roach  
  57  7:41  Roach  
  57  7:43  Drone x2  
  61  7:50  Roach x2  
  65  8:01  Roach, Overlord  
  67  8:17  Overlord  
  67  8:21  Roach x3  
  72  8:27  Roach  
  72  8:28  Roach  
  72  8:32  Roach  
  73  8:35  Roach  
  73  8:39  Roach  
  61  8:42  Roach  
  56  8:48  Roach  
  56  8:52  Roach  
  60  8:58  Roach  
  60  8:59  Roach  
  62  9:06  Roach  
Show
View Real Time Build Order
Export as new Build Order

Nerchio Zerg - Winner!

Build Orders: Hatch First 

Get SALT Encoding   

  12  0:00  Drone  
  13  0:12  Overlord  
  13  0:17  Drone  
  14  0:30  Drone x2  
  14  0:34  Drone  
  17  0:53  Hatchery  
  17  0:56  Drone  
  17  1:10  Spawning Pool  
  16  1:12  Drone  
  16  1:16  Extractor  
  16  1:17  Drone  
  17  1:21  Drone  
  18  1:28  Drone  
  19  1:38  Overlord  
  19  1:52  Drone  
  20  1:56  Queen  
  20  2:00  Zergling x2  
  23  2:04  Queen  
  23  2:06  Drone  
  26  2:11  Drone  
  27  2:15  Metabolic Boost  
  27  2:19  Drone  
  27  2:21  Drone  
  29  2:26  Drone  
  30  2:40  Hatchery  
  30  2:42  Drone  
  30  2:45  Drone  
  30  2:50  Zergling x4  
  33  3:00  Roach Warren, Drone  
  33  3:05  Overlord  
  33  3:08  Zergling x2  
  33  3:10  Zergling x2  
  33  3:12  Zergling x2  
  36  3:17  Overlord  
  36  3:39  Roach x6  
  48  3:42  Roach  
  48  3:46  Roach  
  52  3:52  Overlord  
  48  3:57  Roach  
  48  4:01  Roach  
  48  4:10  Roach  
  48  4:11  Roach  
  52  4:18  Zergling x4  
  52  4:19  Zergling x2  
  52  4:22  Zergling x2  
  56  4:25  Zergling x2  
  56  4:28  Zergling x2  
  58  4:33  Zergling x2  
  58  4:34  Zergling x2  
  58  4:36  Zergling x2  
  61  4:38  Zergling x2  
  61  4:43  Zergling x2  
  63  4:46  Zergling x2  
  63  4:47  Zergling x2  
  63  4:48  Zergling x2  
  66  4:54  Zergling x4  
  66  4:55  Ravager  
  66  4:57  Zergling x2  
  66  4:58  Zergling x2  
  60  5:01  Ravager  
  60  5:02  Zergling x2  
  60  5:03  Zergling x2  
  60  5:06  Zergling x2  
  55  5:07  Zergling x2  
  55  5:11  Zergling x2  
  57  5:15  Zergling x4  
  57  5:16  Ravager  
  57  5:19  Zergling x2  
  61  5:21  Zergling x2  
  61  5:23  Zergling x2  
  61  5:26  Zergling x2  
  61  5:27  Zergling x2  
  61  5:33  Zergling x2  
  61  5:34  Zergling x2  
  61  5:35  Zergling x2  
  60  5:36  Ravager  
  60  5:40  Roach  
  63  5:43  Roach  
  63  5:46  Roach  
  60  5:53  Roach  
  60  5:55  Zergling x4  
  61  6:01  Roach  
  61  6:04  Zergling x2  
  61  6:05  Zergling x4  
  61  6:09  Overlord  
  62  6:19  Roach  
  62  6:20  Zergling x4  
  62  6:23  Zergling x4  
  62  6:26  Roach  
  62  6:29  Drone  
  62  6:32  Drone  
  61  6:37  Drone  
  61  6:38  Drone x2  
  57  6:42  Roach  
  57  6:44  Roach  
  61  6:48  Roach  
  59  6:57  Roach  
  59  7:01  Spine Crawler  
  60  7:06  Roach  
  60  7:07  Spine Crawler  
  61  7:15  Zergling x10  
  64  7:19  Roach  
  68  7:24  Roach  
  68  7:28  Drone x3  
  68  7:29  Drone  
  69  7:39  Roach  
  69  7:40  Overlord  
  69  7:41  Extractor  
  69  7:43  Drone x3  
  72  7:56  Overlord x2  
  72  8:01  Queen  
  74  8:06  Roach  
  74  8:07  Roach x2  
  74  8:08  Roach  
  81  8:13  Overlord  
  81  8:16  Roach  
  83  8:20  Roach  
  83  8:21  Roach  
  86  8:28  Roach  
  86  8:29  Zergling x6  
  86  8:33  Roach  
  87  8:36  Roach  
  87  8:41  Roach  
  81  8:46  Roach  
  75  8:50  Drone x4  
  78  8:59  Extractor  
  75  9:05  Roach x4  

Tags
 
Add a new tag
Caveats
  • Supply blocks, unpowered buildings, or Contaminate may cause inaccurate times.
  • Supply counts are checked every 10 seconds.